 Dungeon Crawl Stone Soup version 0.22-a0-204-g464ede7 (webtiles) character file.

2415 b5mith the Spear-Bearer (level 9, -1/82 HPs)
             Began as a Minotaur Berserker on Feb 17, 2018.
             Was a High Priest of Trog.
             Slain by a killer bee (6 damage)
             ... on level 7 of the Dungeon.
             The game lasted 00:27:01 (6983 turns).

b5mith the Spear-Bearer (Minotaur Berserker)        Turns: 6983, Time: 00:27:03

Health: -1/82      AC:  2    Str: 25    XL:     9   Next: 23%
Magic:  8/8        EV: 15    Int:  4    God:    Trog [*****.]
Gold:   231        SH:  0    Dex: 10    Spells: 8/8 levels left

rFire    . . .     SeeInvis .   D - +1 spear (pierce)
rCold    + . .     Gourm    .   (no shield)
rNeg     . . .     Faith    .   b - +0 animal skin
rPois    .         Spirit   .   (helmet restricted)
rElec    .         Reflect  .   (no cloak)
rCorr    .         Harm     .   (no gloves)
MR       +....                  (no boots)
Stlth    +.........             (no amulet)
HPRegen  0.23/turn              A - ring of protection from magic
MPRegen  0.11/turn              C - ring of protection from cold

@: lethally poisoned (-1 -> -10), about to teleport, berserk cooldown, very
slightly contaminated, slowed, very slow
A: retaliatory headbutt, horns 2
a: Berserk, Trog's Hand, Brothers in Arms, Burn Spellbooks, Renounce Religion


You were on level 7 of the Dungeon.
You worshipped Trog.
Trog was extremely pleased with you.
You were not hungry.

You visited 1 branch of the dungeon, and saw 7 of its levels.
You also visited: Sewer.

You collected 303 gold pieces.
You spent 72 gold pieces at shops.

Inventory:

Hand Weapons
 a - a +0 spear
 v - a +0 trident
 D - a +1 spear of piercing (weapon)
Missiles
 d - 145 stones (quivered)
 o - 5 tomahawks
Armour
 b - a +0 animal skin (worn)
Jewellery
 w - an uncursed ring of stealth
 A - a ring of protection from magic (left hand)
 B - an uncursed ring of protection from cold
 C - a ring of protection from cold (right hand)
Wands
 u - a wand of acid (10)
Scrolls
 e - a scroll of fear {unknown}
 h - a scroll of remove curse {@r2}
 i - 5 scrolls of teleportation
 j - 3 scrolls of magic mapping
 k - a scroll of noise {unknown}
 t - 2 scrolls of immolation
 x - a scroll of enchant armour {unknown}
 F - a scroll of amnesia {unknown}
 G - 2 scrolls of identify {@r1}
Potions
 f - 2 potions of agility
 g - 3 potions of berserk rage
 l - 2 potions of heal wounds
 n - a potion of flight {unknown}
 p - 2 potions of curing {unknown}
 q - 2 potions of haste
 r - a potion of lignification {unknown}
 s - 2 potions of magic {unknown}
Books
 y - a book of Minor Magic

   Spells                             Type                      Level
   a - Magic Dart                     Conjuration                  1
   b - Blink                          Translocation                2
   c - Call Imp                       Summoning                    2
   d - Slow                           Hexes                        2
   e - Conjure Flame                  Conjuration/Fire             3
   f - Mephitic Cloud                 Conjuration/Poison/Air       3
   Trog disapproves of the use of such an item.
 z - a book of Air

   Spells                             Type                      Level
   a - Shock                          Conjuration/Air              1
   b - Swiftness                      Charms/Air                   2
   c - Static Discharge               Conjuration/Air              3
   d - Airstrike                      Air                          4
   e - Lightning Bolt                 Conjuration/Air              5
   Trog disapproves of the use of such an item.
Comestibles
 c - 11 rations
 H - 7 chunks of flesh


   Skills:
 + Level 8.3 Fighting
 + Level 8.3 Polearms
 + Level 7.8 Armour
 + Level 7.1 Dodging


You had 8 spell levels left.
You didn't know any spells.

Dungeon Overview and Level Annotations

Branches:
Dungeon (7/15)             Temple (0/1) D:4

Altars:
Ashenzari
Fedhas
Makhleb
Ru
Trog
Uskayaw
Xom
Yredelemnul
Zin

Shops:
D:5 *   D:6 :   D:7 :?*


Innate Abilities, Weirdness & Mutations

You reflexively headbutt those who attack you in melee.
You have a pair of horns on your head.


Message History

You feel strangely unstable.
You feel sick. The killer bee barely misses you. You furiously retaliate!
You headbutt the killer bee. The killer bee closely misses you.
You furiously retaliate!
You headbutt the killer bee!
You kill the killer bee!
Trog accepts your kill. The killer bee misses you. You furiously retaliate!
You headbutt the killer bee!
You kill the killer bee!
Trog accepts your kill. The killer bee stings you.
* * * LOW HITPOINT WARNING * * *
The bullfrog misses you.
You feel sick. The killer bee barely misses you. The killer bee stings you.
* * * LOW HITPOINT WARNING * * *
You are more poisoned.
The killer bee poisons you! The bullfrog hits you!
* * * LOW HITPOINT WARNING * * *
The killer bee stings you.
You die...

...##.............##.8.∩.8
......#####......##.#####.##
.......## #......##.#####8#
...........######..........#.#
............## #..........#.#
.............## #..........#.#
.....((.........###..........#.#
.....∩.........÷#............#.#
y............y.y@......#.#####.#
.y.............F#....#.........#
................#....#.#.#######
......[.....y...#....#.#.########
...(.....†......#....#.#.........
...(.§((........####.#.........#.
................# #.#########.#.
................# #.##........#.
................# #.##.######...


You could see a bullfrog and 3 killer bees.

Vanquished Creatures
  A hippogriff (D:7)
  Menkaure (D:7)
  A phantom (D:5)
  Purgy (Sewer)
  An ice beast (D:4)
  A black bear (D:6)
  2 ogres
  3 big kobolds
  2 gnoll sergeants
  A scorpion (D:6)
  2 killer bees (D:7)
  2 crimson imps
  A quasit (D:5)
  6 hounds
  2 bullfrog zombies
  3 jellies (D:5)
  An orc wizard (D:5)
  5 orc priests
  2 centaur skeletons
  3 worker ants
  A killer bee zombie (D:7)
  A hound zombie (D:5)
  A hound skeleton (D:6)
  A worker ant zombie (D:6)
  10 gnolls
  13 adders
  7 worms
  A dart slug (D:2)
  2 leopard geckos (D:1)
  20 orcs
  13 bats
  A giant cockroach (D:2)
  10 goblins
  6 hobgoblins
  4 jackals (D:1)
  14 kobolds
  6 ball pythons
  6 frilled lizards
  A leopard gecko zombie (D:6)
  8 rats
167 creatures vanquished.

Notes
Turn   | Place    | Note
-------+----------+-------------------------------------------
     0 | D:1      | b5mith the Minotaur Berserker began the quest for the Orb.
     0 | D:1      | Reached XP level 1. HP: 19/19 MP: 0/0
   141 | D:1      | Reached XP level 2. HP: 15/27 MP: 1/1
   713 | D:1      | Reached XP level 3. HP: 31/33 MP: 2/2
  1484 | D:2      | Reached ** piety under Trog
  1941 | D:2      | Reached XP level 4. HP: 32/41 MP: 3/3
  2638 | D:3      | Reached XP level 5. HP: 47/47 MP: 4/4
  3017 | D:3      | Reached *** piety under Trog
  3028 | D:3      | Found a sacrificial altar of Ru.
  3056 | D:3      | Found a bloodstained altar of Trog.
  3159 | D:4      | Noticed an ogre
  3173 | D:3      | Reached skill level 5 in Fighting
  3173 | D:3      | Reached skill level 5 in Polearms
  3185 | D:4      | Killed an ogre
  3185 | D:4      | Reached XP level 6. HP: 26/56 MP: 5/5
  3250 | D:4      | Noticed an ice beast
  3258 | D:4      | Killed an ice beast
  3568 | D:4      | Found a shattered altar of Ashenzari.
  3636 | D:4      | Found a glowing drain.
  3747 | Sewer    | Entered a sewer
  3784 | Sewer    | Noticed Purgy
  3798 | Sewer    | Killed Purgy
  3798 | Sewer    | Reached skill level 5 in Armour
  3798 | Sewer    | Reached XP level 7. HP: 28/62 MP: 6/6
  4140 | D:4      | Found a staircase to the Ecumenical Temple.
  4153 | D:4      | Found a shimmering altar of Xom.
  4154 | D:4      | Found a basalt altar of Yredelemnul.
  4225 | D:4      | Found a glowing silver altar of Zin.
  4239 | D:5      | Entered Level 5 of the Dungeon
  4303 | D:5      | Reached skill level 5 in Dodging
  4499 | D:5      | Found a hide-covered altar of Uskayaw.
  4576 | D:5      | Found Ishinach's General Store.
  4704 | D:5      | Reached XP level 8. HP: 54/71 MP: 7/7
  4780 | D:5      | Found a sand-covered staircase.
  5178 | D:6      | Reached **** piety under Trog
  5483 | D:6      | Found a burning altar of Makhleb.
  5483 | D:6      | Noticed a blizzard demon
  5486 | D:6      | Noticed a hellwing
  5486 | D:6      | Noticed a hellwing
  5879 | D:6      | Found a blossoming altar of Fedhas.
  5880 | D:6      | Found Malism's Book Shoppe.
  6327 | D:7      | Found Rarghi's Magic Scroll Emporium.
  6340 | D:7      | Bought a scroll of identify for 28 gold pieces
  6364 | D:7      | Found Vilol's Assorted Antiques.
  6371 | D:7      | Bought a scroll of identify for 44 gold pieces
  6501 | D:7      | Reached XP level 9. HP: 33/81 MP: 8/8
  6777 | D:7      | Noticed Menkaure
  6785 | D:7      | Killed Menkaure
  6785 | D:7      | Reached ***** piety under Trog
  6942 | D:7      | Found Impury's Book Emporium.
  6983 | D:7      | Slain by a killer bee

Vault maps used:
D:1:      dpeg_arrival_water_fire
D:3:      lightli_temple_of_fire, nicolae_ru_path_of_blood, first_ration,
          kennysheep_doodads
D:4:      old_standard_altar, kennysheep_little_box,
          gammafunk_temple_overflow_pools, minmay_temple_entry_overgrown,
          cheibrodos_sewer_entry_sluice
D:5:      kennysheep_mini_moat, nicolae_ossuary_entry_plus, serial_shops,
          nicolae_shop_stone
D:6:      nicolae_overflow_hidden_temple, serial_shops, nicolae_shop_crystal,
          eino_curves_01, serial_bayou_lagoon_a, makhleb_altar_promises_db
D:7:      lemuel_round_altar, serial_shops, shop, shop,
          nicolae_shop_statue_plus, uniq_menkaure
Sewer:    sewer_big_baddie

Skill      XL: |  1  2  3  4  5  6  7  8  9 |
---------------+----------------------------+-----
Fighting       | 4 5 6 7 8 |  8.3
Polearms       | 4 5 6 7 8 |  8.3
Armour         | 3 4 5 6 7 |  7.8
Dodging        | 3 4 5 6 7 |  7.1

Action                   |  1- 3 |  4- 6 |  7- 9 || total
-------------------------+-------+-------+-------++-------
Melee: Spear             |   103 |   114 |    65 ||   282
       Headbutt          |    10 |    27 |    40 ||    77
       Trident           |       |    20 |   169 ||   189
Throw: Stone             |    45 |    65 |    28 ||   138
       Javelin           |       |       |    54 ||    54
Invok: Berserk           |       |       |     3 ||     3
  Use: Scroll            |     2 |       |     8 ||    10
       Potion            |       |       |     1 ||     1
 Stab: Sleeping          |     1 |     1 |     1 ||     3
  Eat: Chunk             |     3 |     5 |     2 ||    10
       Ration            |       |     1 |     3 ||     4
Armor: Animal skin       |     9 |     9 |    21 ||    39
Dodge: Dodged            |    38 |    62 |   131 ||   231

Table legend:
 A = Spawn XP
 B = Non-spawn XP
 C = Spawn XP percentage of total XP
 D = Spawn monster count
 E = Non-spawn monster count
 F = Spawn count percentage of total count
 G = Total turns spent on level
                    A         B        C        D         E        F      G
               +---------+---------+-------+---------+---------+-------+---------
         Total |       0 |    3450 |   0.0 |       0 |     167 |   0.0 |  6983
               +---------+---------+-------+---------+---------+-------+---------
           D:1 |       0 |      54 |   0.0 |       0 |      25 |   0.0 |  1467
           D:2 |       0 |      55 |   0.0 |       0 |      16 |   0.0 |   781
           D:3 |       0 |     207 |   0.0 |       0 |      28 |   0.0 |   901
           D:4 |       0 |     396 |   0.0 |       0 |      11 |   0.0 |   814
           D:5 |       0 |     836 |   0.0 |       0 |      24 |   0.0 |   903
           D:6 |       0 |     862 |   0.0 |       0 |      35 |   0.0 |  1166
           D:7 |       0 |     900 |   0.0 |       0 |      22 |   0.0 |   675
         Sewer |       0 |     140 |   0.0 |       0 |       6 |   0.0 |   276
               +---------+---------+-------+---------+---------+-------+---------
